 Dungeon Crawl Stone Soup version 0.17.1-3-g152610e (webtiles) character file.

94 colpogo the Chiller (level 4, -4/32 HPs)
             Began as a Merfolk Ice Elementalist on Apr 12, 2016.
             Slain by a wasp zombie (5 damage)
             ... on level 4 of the Dungeon.
             The game lasted 00:19:19 (2943 turns).

colpogo the Chiller (Merfolk Ice Elementalist)      Turns: 2943, Time: 00:19:19

Health: -4/32      AC:  4    Str:  8    XL:     4   Next: 63%
Magic:  4/7        EV: 13    Int: 15    God:
Gold:   97         SH:  0    Dex: 14    Spells: 2 memorised, 5 levels left

rFire  + . .     SeeInvis .     g - +0 club
rCold  . . .     Clarity  .     k - +0 leather armour
rNeg   + . .     SustAt   .     (no shield)
rPois  .         Gourm    .     e - +0 helmet
rElec  .         Spirit   .     (no cloak)
rCorr  .         Warding  .     (no gloves)
rMut   .         Stasis   +     (no boots)
MR     .....                    f - amulet of stasis
Stlth  ++........               u - ring of positive energy
                                l - ring of protection from fire

@: very slightly contaminated, not resistant to hostile enchantments, unstealthy
A: change form in water, swift swim
a: no special abilities


You were on level 4 of the Dungeon.
You were hungry.

You visited 1 branch of the dungeon, and saw 4 of its levels.

You collected 97 gold pieces.

Inventory:

Hand Weapons
 g - a +0 club (weapon)
Missiles
 h - 8 javelins (quivered)
Armour
 a - a +0 robe
 e - a +0 helmet (worn)
 k - a +0 leather armour (worn)
Jewellery
 f - an amulet of stasis (around neck)
 l - a ring of protection from fire (left hand)
 u - a ring of positive energy (right hand)
Scrolls
 i - a scroll of remove curse
 j - 4 scrolls of identify
 o - a scroll of noise {unknown}
 r - a scroll of magic mapping {unknown}
Potions
 m - 2 potions of curing
 n - a potion of degeneration {unknown}
 p - a potion of cure mutation {unknown}
 t - a potion of brilliance {unknown}
Books
 b - a book of Frost

   Spells                             Type                      Level
   a - Freeze                         Ice                          1
   b - Throw Frost                    Conjuration/Ice              2
   c - Ozocubu's Armour               Charms/Ice                   3
   d - Throw Icicle                   Conjuration/Ice              4
   e - Summon Ice Beast               Ice/Summoning                4
   f - Condensation Shield            Ice                          4
Comestibles
 c - 3 bread rations
 d - a beef jerky
 q - a meat ration


   Skills:
 + Level 1.3 Fighting
 + Level 0.1 Armour
 * Level 4.2 Dodging
 - Level 2.1 Stealth
 + Level 2.5 Spellcasting
 - Level 0.7 Conjurations
 * Level 4.2 Ice Magic


You had 5 spell levels left.
You knew the following spells:

 Your Spells              Type           Power        Failure   Level  Hunger
a - Freeze                Ice            ##..         8%          1    #......
b - Throw Frost           Conj/Ice       #.....       17%         2    ###....


Dungeon Overview and Level Annotations

Branches:
Dungeon (4/15)
 Temple: D:4-7

Altars:
Elyvilon
Zin
The Shining One


Message History

You shiver with cold.
The wasp zombie closely misses you.
Casting: Freeze
Confirm with . or Enter, or press ? or * to list all spells.
Aiming: Freeze
Press: ? - help, Shift-Dir - straight line, f/p - wasp zombie
Aim: a wasp zombie You freeze the wasp zombie.
The wasp zombie completely resists.
The wasp zombie hits you. x2
You hit the wasp zombie but do no damage.
The wasp zombie hits you but does no damage.
You hit the wasp zombie but do no damage.
The wasp zombie misses you. The wasp zombie hits you!
You hit the wasp zombie. The wasp zombie barely misses you.
The wasp zombie hits you.
You completely miss the wasp zombie. The wasp zombie hits you!
* * * LOW HITPOINT WARNING * * *
The wasp zombie closely misses you. The wasp zombie hits you.
* * * LOW HITPOINT WARNING * * *
The wasp zombie hits you.
You die...

#..## #..#####
##..##..## #..#..#
#....# ##..## ###
#.## .≈ #.# .# #
##.########.# ..
#..#......@.#...
#.#.......Z#.....#
#.#...........^.##
#..............##
###.......#.####
####.###### ###


You could see a wasp zombie.

Vanquished Creatures
  4 adders
  2 worms (D:3)
  2 orcs (D:3)
  9 bats
  2 giant cockroaches
  4 hobgoblins
  5 jackals
  A quokka (D:2)
  A ball python (D:4)
  4 giant newts
  6 goblins
  7 kobolds
  7 rats
54 creatures vanquished.

Notes
Turn   | Place    | Note
--------------------------------------------------------------
     0 | D:1      | colpogo the Merfolk Ice Elementalist began the quest for the Orb.
     0 | D:1      | Reached XP level 1. HP: 13/13 MP: 3/3
   183 | D:1      | Reached XP level 2. HP: 18/20 MP: 1/5
  1082 | D:2      | Reached XP level 3. HP: 23/25 MP: 3/6
  1348 | D:2      | Reached skill level 4 in Ice Magic
  2091 | D:3      | Reached XP level 4. HP: 13/31 MP: 0/7
  2207 | D:3      | Learned a level 2 spell: Throw Frost
  2431 | D:3      | Reached skill level 1 in Fighting
  2632 | D:3      | Found a glowing golden altar of the Shining One.
  2633 | D:3      | Found a white marble altar of Elyvilon.
  2634 | D:3      | Found a glowing silver altar of Zin.
  2940 | D:4      | HP: 1/32 [wasp zombie (6)]
  2943 | D:4      | Slain by a wasp zombie

Action                   |  1- 3 |  4- 6 || total
-------------------------+-------+-------++-------
Melee: Unarmed           |     7 |       ||     7
       Club              |    81 |    41 ||   122
 Cast: Freeze            |    43 |    35 ||    78
       Throw Frost       |       |     2 ||     2
  Use: Scroll            |       |     2 ||     2
 Stab: Sleeping          |     4 |       ||     4
  Eat: Chunk             |     4 |     3 ||     7
